 Dungeon Crawl Stone Soup version 0.29.0-15-g675c0067aa (webtiles) character file.

Game seed: 15367353950286028765

51 qw the Sneak (level 3, -1/23 HPs)
             Began as a Gargoyle Delver on Sept 11, 2022.
             Splashed by a jelly's acid (10 damage)
             ... on level 4 of the Dungeon.
             The game lasted 00:00:13 (924 turns).

qw the Sneak (Gargoyle Delver)                       Turns: 924, Time: 00:00:14

Health: -1/23      AC: -1    Str: 17    XL:     3   Next: 81%
Magic:  3/3        EV: 11    Int: 10    God:
Gold:   13         SH:  0    Dex: 11    Spells: 2/2 levels left

rFire   . . .      SeeInvis .   a - +0 hand axe
rCold   . . .      Faith    .   (no shield)
rNeg    + . .      Spirit   .   b - +0 leather armour
rPois   inf        Reflect  .   (no helmet)
rElec   +          Harm     .   (no cloak)
rCorr   .          Rampage  .   (no gloves)
Will    .....                   (no boots)
Stlth   +++.......              (no amulet)
HPRegen 0.07/turn               (no ring)
MPRegen 0.08/turn               (no ring)

@: corroded
A: sickness immunity, AC +3, negative energy resistance 1, electricity
resistance, torment resistance 1, petrification resistance
a: no special abilities


You were on level 4 of the Dungeon.
You visited 1 branch of the dungeon, and saw 2 of its levels.

You collected 13 gold pieces.


Innate Abilities, Weirdness & Mutations

You are immune to sickness and miasma.
Your stone body is resilient. (AC +3)
You are immune to poison.
You resist negative energy. (rN+)
You are resistant to electric shocks. (rElec)
You are resistant to unholy torment.
You are immune to petrification.


   Skills:
 - Level 3.2 Fighting
 + Level 3.6 Axes
 - Level 1.5 Dodging
 - Level 5.4 Stealth


You had 2 spell levels left.
You didn't know any spells.
Your spell library was empty.

Inventory:

Hand Weapons
 a - a +0 hand axe (weapon)
 e - a +0 whip
Armour
 b - a +0 leather armour (worn)
 c - a +0 ring mail
 d - a +0 helmet
Wands
 g - a wand of digging (3)
Scrolls
 h - a scroll of immolation {unknown}
Potions
 f - 2 potions of haste

Dungeon Overview and Level Annotations

Branches:
Dungeon (5/15)
 Temple: D:4-7

Altars:


Message History

HP restored.
You enter the shallow water.
Moving in this stuff is going to be slow.
You see here a +0 club.
You enter the shallow water.
Moving in this stuff is going to be slow.
You open the door.
There is an open door here.
You open the door.
A goblin comes into view. It is wielding a +0 dagger.
Enter note: The goblin shouts!
A giant cockroach comes into view.
886 ||| Stepping ~*~*~tactically~*~*~ (stealth).
There is an open door here.
Found a scroll labelled PEMOFO DOSE.
You slash the goblin!
You kill the goblin!
There is an open door, spattered with blood here.
Things that are here:
a +0 dagger; 8 stones; a goblin corpse The giant cockroach waves its antennae.
You hit the giant cockroach but do no damage.
The giant cockroach misses you.
You slash the giant cockroach!
You kill the giant cockroach!
h - a scroll labelled PEMOFO DOSE A jelly comes into view.
Found a short sword.
The jelly hits you but does no damage.
You hit the jelly. The acid corrodes you!
Your hands burn!
The jelly is moderately wounded.
The jelly hits you.
You are splashed with acid.
You slash the jelly!
Your hands burn!
The jelly is severely wounded.
The jelly closely misses you.
You hit the jelly. The acid corrodes you!
Your hands burn!
The jelly is almost dead.
The jelly hits you.
You are splashed with acid!
You die...

##..## #.. ##.##
#################.###
.................)..##
~~~~~~~~~~~~~~~~~~~~~#
~~~~~~~~~~~~~~~~~~~~~#
....................##
#'###################
..#.8###.8###$8###)8#
..).............@J..#
###################.##
..%..................#
#.#############..###.#
.....................# #
..########..####.#####..
........................
##########..####........
.........>.......


You could see a jelly.

Vanquished Creatures
  A hound (D:4)
  A gnoll (D:4)
  A giant cockroach (D:4)
  2 goblins (D:4)
  4 jackals (D:4)
9 creatures vanquished.

Notes
Turn   | Place    | Note
-------+----------+-------------------------------------------
     0 | D:5      | qw the Gargoyle Delver began the quest for the Orb.
     0 | D:5      | Reached XP level 1. HP: 14/14 MP: 1/1
     0 | D:5      | 0 ||| qw: Version: 0.1-a-117-gfe26ee0
     0 | D:5      | 0 ||| qw: Game counter: 10110
     0 | D:5      | 0 ||| qw: Always use a shield: true
     0 | D:5      | 0 ||| qw: God list: Okawaru
     0 | D:5      | 0 ||| qw: Allow faded altars: false
     0 | D:5      | 0 ||| qw: Do Orc after D:15 true
     0 | D:5      | 0 ||| qw: Do second Lair branch before Depths: true
     0 | D:5      | 0 ||| qw: Lair rune preference: random
     0 | D:5      | 0 ||| qw: Plans: Normal
     0 | D:5      | 0 ||| PLANNING D:1-11
    11 | D:5      | 11 ||| DROPPING scroll of fog.
    12 | D:5      | 12 ||| DROPPING scroll of magic mapping.
    13 | D:5      | 13 ||| DROPPING scroll of fear.
   394 | D:4      | Reached XP level 2. HP: 12/19 MP: 2/2
   573 | D:4      | HP: 3/19 [hound (3)]
   575 | D:4      | Reached skill level 3 in Axes
   575 | D:4      | Reached XP level 3. HP: 3/23 MP: 3/3
   886 | D:4      | 886 ||| Stepping ~*~*~tactically~*~*~ (stealth).
   924 | D:4      | Splashed by a jelly's acid

Levels and vault maps discovered:
D:4:      wad_river_or_something, layout_basic,
          minmay_a_box_with_orc_wizards_in_it
D:5:      layout_basic, fedhas_altar_2

Skill      XL: |  1  2 |
---------------+-------+-----
Axes           | 2 3 |  3.6
Fighting       | |  3.2
Dodging        | |  1.5
Stealth        | |  5.4

Action                   || total
-------------------------++-------
Melee: Hand axe          ||    51
 Stab: Sleeping          ||     1
Armor: Leather armour    ||    20
Dodge: Dodged            ||    38

Table legend:
 A = Non-vault XP
 B = Vault XP
 C = Vault XP percentage of total XP
 D = Non-vault monster count
 E = Vault monster count
 F = Vault count percentage of total count
                 A         B        C        D         E       F
            +---------+---------+-------+---------+---------+-------
      Total |       8 |      65 |  89.0 |       4 |       5 |  55.6
            +---------+---------+-------+---------+---------+-------
        D:4 |       8 |      65 |  89.0 |       4 |       5 |  55.6
            +---------+---------+-------+---------+---------+-------
